 Dungeon Crawl Stone Soup version bcrawl-1.32 (webtiles) character file.

Game seed: 9830118276140808974

507970 Morbidden the Covert (level 13, -2/80 HPs)
             Began as a Twilight Stalker Archaeologist on June 27, 2021.
             Was the Champion of Cheibriados.
             Slain by a komodo dragon (13 damage)
             ... on level 6 of the Lair of Beasts.
             The game lasted 00:19:17 (13827 turns).

Morbidden the Covert (VSAc)                        Turns: 13827, Time: 00:19:18

Health: -2/80      AC: 21    Str: 31    XL:     13   Next: 82%
Magic:  30/30      EV: 15    Int: 35    God:    Cheibriados [******]
Gold:   1299       SH:  0    Dex: 34    Spells: 14/22 levels left

rFire    . . .     SeeInvis .   a - +3 quick blade
rCold    . . .     Gourm    .   (no shield)
rNeg     . . .     Faith    .   O - +0 plate armour (curse)
rPois    .         Spirit   .   d - +0 helmet
rElec    .         Reflect  .   P - +0 cloak (curse)
rCorr    .         Harm     .   l - +2 pair of gloves
MR       +....                  r - +1 pair of boots
Stlth    ++++++....             q - amulet of magic regeneration
HPRegen  0.63/turn              L - ring of magical power
MPRegen  0.47/turn              D - ring "Huerr" {Int+4 Dex+5}

@: lethally poisoned (-2 -> -5), about to teleport, very slow
A: fangs 3, nightstalker 2, regeneration 1, no potion heal 3, rot immunity,
draining bite, strong jaws, assimilated armour
a: Bend Time, Temporal Distortion, Slouch, Step From Time, Renounce Religion


You were on level 6 of the Lair of Beasts.
You worshipped Cheibriados.
Cheibriados was exalted by your worship.
You were not hungry.

You visited 2 branches of the dungeon, and saw 16 of its levels.
You also visited: Ossuary.

You collected 1299 gold pieces.

Inventory:

Hand Weapons
 a - a +3 quick blade (weapon)
 b - a +0 blowgun
 h - a +0 scimitar
 G - a +2 dagger of holy wrath
Missiles
 f - 6 curare-tipped needles
 p - 473 poisoned tomahawks (quivered)
 w - 741 poisoned needles
 N - 143 javelins
 Q - 50 needles of confusion
Armour
 d - a +0 helmet (worn)
 l - a +2 pair of gloves (worn)
 r - a +1 pair of boots (worn)
 O - a cursed +0 plate armour (worn)
 P - a cursed +0 cloak (worn)
Magical Staves
 F - an uncursed staff of conjuration
Jewellery
 q - an amulet of magic regeneration (around neck)
 D - the ring "Huerr" (right hand) {Int+4 Dex+5}
   (You found it on level 1 of the Lair of Beasts)

   [ring of dexterity]

   It affects your intelligence (+4).
   It affects your dexterity (+5).
 E - an uncursed ring of protection from fire
 L - a ring of magical power (left hand)
Wands
 j - a wand of paralysis (3)
 A - a wand of disintegration (16)
 J - a wand of iceblast (27)
Scrolls
 g - 4 scrolls of magic mapping
 i - 3 scrolls of identify
 o - 6 scrolls of remove curse
 t - 2 scrolls of teleportation
 y - 4 scrolls of enchant armour
 C - 2 scrolls of amnesia
 I - 4 scrolls of immolation
 R - a scroll of summoning {unknown}
Potions
 c - 3 potions of berserk rage {unknown}
 k - 11 potions of curing {unknown}
 m - 3 potions of degeneration {unknown}
 n - 4 potions of lignification {unknown}
 s - 7 potions of mutation {unknown}
 u - 3 potions of haste
 v - 3 potions of flight {unknown}
 x - 3 potions of brilliance {unknown}
 z - 2 potions of agility {unknown}
 B - 2 potions of might {unknown}
 K - a potion of resistance {unknown}
 M - a potion of cancellation {unknown}
Comestibles
 e - 41 rations {!d}
 H - 7 chunks of flesh


   Skills:
 * Level 8.9 Fighting
 * Level 10.8 Short Blades
   Level 0.8 Maces & Flails
 + Level 2.1 Throwing
 + Level 7.5 Armour
 + Level 5.6 Dodging
 + Level 13.6 Stealth
 * Level 5.1 Spellcasting
 + Level 5.0 Charms
 * Level 1.9 Necromancy
 * Level 2.2 Air Magic
 * Level 7.9 Invocations
 + Level 0.3 Evocations


You had 14 spell levels left.
You knew the following spells:

 Your Spells              Type           Power        Failure   Level  Hunger
a - Infusion              Chrm           #####...     4%          1    None
b - Vampiric Draining     Necr           ###.......   41%         3    ###....
c - Airstrike             Air            ###.......   77%         4    ####...

Your spell library contained the following spells:

 Spells                   Type           Power        Failure   Level  Hunger
 Swiftness                Chrm/Air       ####....     11%         2    None
 Animate Skeleton         Necr           N/A          14%         1    None
 Pain                     Necr           ###...       14%         1    None
 Shock                    Conj/Air       ###..        21%         1    None
 Apportation              Tloc           #.....       32%         1    None
 Beastly Appendage        Tmut           #.....       32%         1    None
 Blink Other              Tloc           #.....       32%         1    None
 Corona                   Hex            #......      32%         1    None
 Sandblast                Erth           #.....       32%         1    None
 Slow                     Hex            #.......     32%         1    None
 Summon Butterflies       Summ           #.......     32%         1    None
 Static Discharge         Air            ###.....     36%         3    ###....
 Blink                    Tloc           N/A          43%         2    None
 Ensorcelled Hibernation  Hex/Ice        #.....       43%         2    None
 Passwall                 Tmut/Erth      #.......     43%         2    None
 Sticks to Snakes         Tmut           #.......     43%         2    None
 Confuse                  Hex            #.......     67%         3    ###....
 Dazzling Orbs            Conj/Hex       #......      67%         3    ###....
 Portal Projectile        Tloc           #.....       67%         3    ###....
 Spider Form              Tmut/Pois      #..          67%         3    ###....
 Teleport Other           Tloc           #.......     67%         3    ###....
 Tukima's Dance           Hex            #.......     67%         3    ###....
 Agony                    Necr           ###.....     82%         4    ####...
 Animate Dead             Necr           N/A          82%         4    ####...
 Cause Fear               Hex            #.........   97%         4    ####...
 Ice Form                 Ice/Tmut       #.......     97%         4    ####...
 Dispel Undead            Necr           ###.....     99%         5    ######.
 Lightning Bolt           Conj/Air       ###.......   99%         5    ######.
 Blade Hands              Tmut           #.........   100%        5    ######.
 Passage of Golubria      Tloc           N/A          100%        5    ######.


Dungeon Overview and Level Annotations

Branches:
Dungeon (10/12)            Temple (0/1) D:7            Lair (6/6) D:9
 Shoals (0/3) Lair:3       Spider (0/3) Lair:3        Slime (0/5) Lair:5
    Orc (0/1) D:8

Altars:
Cheibriados
Dithmenos
Fedhas
Gozag
Hepliaklqana
Okawaru
Trog
Uskayaw
Yredelemnul
Jiyva

Shops:
D:4 =   D:7 %

Annotations:
D:6 exclusion: oklob plant
D:8 3 runed translucent doors
D:10 Erolcha
Lair:1 2 transporters, Maksi666's ghost, journeyman EnBe
Lair:2 exclusion: 2 oklob plants
Lair:5 exclusion: oklob plant


Innate Abilities, Weirdness & Mutations

You have razor-sharp teeth.
You are significantly more attuned to the shadows.
Your natural rate of healing is unusually fast.
Potions cannot restore your health.
You are immune to rotting.
Your bite drains your enemy's life force.
Your bites deal extra damage.
Your stealth is less affected by armour.


Message History

The hell hound bites you but does no damage.
The hell hound barely misses you. The wyvern barely misses you.
A steam dragon comes into view.
The hell hound barely misses you. x3
The hell hound breathes flames at you. The blast of flame misses you.
The blast of flame hits the hell hound.
The hell hound completely resists.
The wyvern barely misses you.
No path to travel!
Okay, then.
Unknown command.
You feel very sick.
The hell hound bites you but does no damage. x2
The hell hound stops to sniff the ground.
The hell hound closely misses you. The hell hound bites you.
* * * LOW HITPOINT WARNING * * *
The komodo dragon bites you but does no damage.
The hell hound misses you. The hell hound closely misses you.
The hell hound bites you but does no damage.
The hell hound closely misses you. The komodo dragon bites you!
You die...

.....#
....lDl#§≈#
.....#
....l#S9≈###
......#
.....#..##8#
....... ≈§
.≈≈§###..#..
...... #≈§
≈§≈≈≈≈.§....
..... ≈§
≈≈≈≈≈.≈≈#...
..#.. # #.
≈# ###.§≈...
.....
#.##l## §#
##.§≈#.
...#.
...Sh@#S≈#
#.§≈≈# ..##
#...hhh#
#≈≈§.. .##
#...llh§§#.
#≈#... ..#
#......§§#.
#... .##
#....D#§§#
.#
......#≈§≈#
...
.......#≈≈≈
... ...


You could see a komodo dragon, a black mamba, a basilisk, a steam dragon, 5 hell
hounds and a wyvern.

Vanquished Creatures
  4 hydras
  2 tengu warriors (D:9)
  Nergalle (Lair:1)
  2 ugly things
  A wolf spider zombie (D:10)
  2 deep elf magi
  4 black mambas
  A gargoyle (D:10)
  A torpor snail (Lair:6)
  5 cane toads
  A rime drake (Lair:5)
  A kobold demonologist (D:10)
  9 komodo dragons
  Grinder (D:5)
  2 polar bears
  A troll (D:8)
  Prince Ribbit (D:6)
  11 blink frogs
  4 dream sheep (Lair:5)
  5 hippogriffs
  A meliai zombie (D:8)
  5 redbacks (Lair:3)
  62 yaks
  2 spriggans
  A wyvern (Lair:6)
  2 steam dragons
  2 basilisks
  2 wargs (D:9)
  4 crocodiles
  6 water moccasins
  5 porcupines
  A sky beast (D:6)
  7 orc warriors
  A necrophage (D:8)
  A black bear (D:9)
  3 ice beasts
  4 ogres
  5 phantoms
  5 wolves (Lair:5)
  4 centaurs
  4 big kobolds
  9 bullfrogs
  5 scorpions
  3 electric eels
  5 crimson imps
  A bullfrog zombie (D:9)
  3 centaur skeletons
  3 hounds
  A jelly (D:10)
  3 orc priests
  5 orc wizards
  2 bullfrog skeletons
  A gnoll shaman (D:6)
  Terence (D:3)
  Natasha (thrice) (D:3)
  2 iguanas
  7 worker ants
  A big kobold zombie (Ossuary)
  2 hound skeletons
  8 mummies (Ossuary)
  5 gnolls
  2 howler monkey skeletons (D:4)
  12 adders
  A shadow imp (D:10)
  A white imp (D:4)
  An ooze (D:1)
  2 adder skeletons
  2 worms
  5 dart slugs
  7 leopard geckos
  38 orcs
  2 ball pythons (D:1)
  3 giant cockroaches
  2 gnoll zombies (Ossuary)
  3 goblins
  2 hobgoblins
  5 bats
  A frilled lizard (D:2)
  A hobgoblin zombie (Ossuary)
  29 kobolds
  A kobold zombie (Ossuary)
  3 orc zombies (Ossuary)
  2 quokka skeletons (D:4)
  3 rats
  A butterfly (Lair:2)
  A plant (Lair:3)
386 creatures vanquished.

Vanquished Creatures (others)
  8 fungi (Lair:5)
  5 plants
13 creatures vanquished.

Grand Total: 399 creatures vanquished

Notes
Turn   | Place    | Note
-------+----------+-------------------------------------------
     0 | D:1      | Morbidden the Vine Stalker Archaeologist began the quest
                  | for the Orb.
     0 | D:1      | Reached XP level 1. HP: 11/11 MP: 2/2
   108 | D:1      | Reached XP level 2. HP: 10/16 MP: 3/3
   166 | D:1      | Reached skill level 5 in Stealth
   250 | D:1      | Reached skill level 1 in Fighting
   455 | D:1      | Reached XP level 3. HP: 20/20 MP: 4/4
   965 | D:2      | Reached XP level 4. HP: 22/25 MP: 5/5
  1011 | D:2      | Reached skill level 1 in Short Blades
  1162 | D:2      | Reached skill level 6 in Stealth
  1484 | D:3      | Noticed Terence
  1503 | D:3      | Killed Terence
  1609 | D:3      | Found a snail-covered altar of Cheibriados.
  1609 | D:3      | Found a shadowy altar of Dithmenos.
  1621 | D:3      | Noticed Natasha
  1637 | D:3      | Killed Natasha
  1638 | D:3      | Reached XP level 5. HP: 20/29 MP: 6/6
  1638 | D:3      | Identified a scroll of acquirement
  1643 | D:3      | Became a worshipper of Cheibriados the Contemplative
  1646 | D:3      | Noticed Natasha
  1652 | D:3      | Killed Natasha
  1773 | D:3      | Noticed Natasha
  1777 | D:3      | Killed Natasha
  2105 | D:4      | Reached skill level 7 in Stealth
  2105 | D:4      | Gained mutation: You have razor-sharp teeth. [Vine Stalker
                  | growth]
  2105 | D:4      | Reached XP level 6. HP: 34/34 MP: 7/7
  2112 | D:4      | Got an ancient garnet amulet
  2113 | D:4      | Identified the cursed amulet "Gefuwnua" {Inacc Int+4} (You
                  | found it on level 4 of the Dungeon)
  2180 | D:4      | Found Otagifeci's Jewellery Emporium.
  2289 | D:4      | Reached * piety under Cheibriados
  2337 | D:4      | Reached XP level 7. HP: 40/40 MP: 8/8
  2778 | D:5      | Entered Level 5 of the Dungeon
  2892 | D:5      | Reached skill level 5 in Short Blades
  2892 | D:5      | Reached skill level 8 in Stealth
  3083 | D:5      | Gained mutation: Your bite drains your enemy's life force.
                  | [Twilight Stalker growth]
  3083 | D:5      | Gained mutation: Your stealth is less affected by armour.
                  | [Twilight Stalker growth]
  3083 | D:5      | Gained mutation: You are slightly more attuned to the
                  | shadows. [Twilight Stalker growth]
  3083 | D:5      | Reached XP level 8. HP: 40/45 MP: 8/9
  3098 | D:5      | Reached ** piety under Cheibriados
  3135 | D:5      | Noticed Grinder
  3169 | D:5      | Killed Grinder
  3170 | D:5      | Reached skill level 5 in Dodging
  3503 | D:6      | Found a sand-covered staircase.
  3516 | D:6      | Reached skill level 1 in Invocations
  3534 | D:6      | Noticed Prince Ribbit
  3538 | Ossuary  | Entered an ossuary
  3797 | D:6      | Killed Prince Ribbit
  3798 | D:6      | Reached XP level 9. HP: 42/52 MP: 9/11
  4194 | D:6      | Found a blossoming altar of Fedhas.
  4242 | D:6      | Noticed an oklob plant
  4410 | D:7      | Found Wosyel's Food Shoppe.
  4421 | D:7      | Reached skill level 9 in Stealth
  4560 | D:7      | Found a staircase to the Ecumenical Temple.
  4585 | D:7      | Reached *** piety under Cheibriados
  4586 | D:7      | Reached skill level 1 in Armour
  5607 | D:8      | Reached XP level 10. HP: 58/58 MP: 13/13
  5675 | D:8      | Reached **** piety under Cheibriados
  5702 | D:8      | Reached skill level 5 in Fighting
  6233 | D:8      | Found a staircase to the Orcish Mines.
  6387 | D:8      | Found a runed translucent gate.
  6387 | D:8      | Found a runed translucent gate.
  6387 | D:8      | Found a runed translucent gate.
  6388 | D:8      | Noticed a red ugly thing
  6388 | D:8      | Noticed a white ugly thing
  6388 | D:8      | Noticed a red ugly thing
  6481 | D:8      | Found an iron altar of Okawaru.
  6481 | D:8      | Found a bloodstained altar of Trog.
  6487 | D:8      | Reached skill level 10 in Stealth
  6525 | D:9      | Noticed a tengu warrior
  6526 | D:9      | Noticed a tengu warrior
  6529 | D:9      | Killed a tengu warrior
  6530 | D:9      | Reached skill level 1 in Throwing
  6530 | D:9      | Found a hide-covered altar of Uskayaw.
  6533 | D:9      | Killed a tengu warrior
  6707 | D:9      | Found a hazy altar of Hepliaklqana.
  6745 | D:9      | Noticed a deep elf mage
  6745 | D:9      | Noticed a purple ugly thing
  6755 | D:9      | Noticed a sun demon
  6802 | D:8      | Killed a purple ugly thing
  6803 | D:8      | Reached skill level 5 in Invocations
  6803 | D:8      | Reached XP level 11. HP: 50/65 MP: 15/15
  6837 | D:9      | Reached ***** piety under Cheibriados
  7106 | D:9      | Found an opulent altar of Gozag.
  7150 | D:9      | Found a staircase to the Lair.
  7178 | D:9      | Killed a deep elf mage
  7179 | D:9      | Reached skill level 11 in Stealth
  7357 | D:9      | Learned a level 1 spell: Infusion
  7447 | D:9      | Found a basalt altar of Yredelemnul.
  7479 | D:10     | Entered Level 10 of the Dungeon
  7552 | D:10     | Noticed Erolcha
  7647 | D:10     | Noticed a brown ugly thing
  7657 | D:10     | Killed a brown ugly thing
  7676 | D:10     | Noticed a deep elf mage
  7682 | D:10     | Killed a deep elf mage
  7863 | D:10     | Reached skill level 1 in Spellcasting
  7863 | D:10     | Reached skill level 1 in Charms
  8114 | Lair:1   | Entered Level 1 of the Lair of Beasts
  8218 | Lair:1   | Noticed a six-headed hydra
  8223 | Lair:1   | Killed a six-headed hydra
  8224 | Lair:1   | Reached skill level 5 in Armour
  8338 | Lair:1   | Gained mutation: You are significantly more attuned to the
                  | shadows. [Twilight Stalker growth]
  8338 | Lair:1   | Reached XP level 12. HP: 56/72 MP: 17/17
  8351 | Lair:1   | Reached skill level 12 in Stealth
  8366 | Lair:1   | Reached ****** piety under Cheibriados
  8367 | Lair:1   | Reached skill level 10 in Short Blades
  8479 | Lair:1   | Got a pitted iron ring
  8524 | Lair:1   | Noticed Nergalle
  8530 | Lair:1   | Killed Nergalle
  8545 | Lair:1   | Identified the +5 trident of Dried Tears {antimagic, MR++
                  | Str-2 Dex+3}
  8545 | Lair:1   | Noticed a spriggan rider
  8567 | Lair:1   | Found a transporter.
  8603 | Lair:1   | Identified the ring "Huerr" {Int+4 Dex+5} (You found it on
                  | level 1 of the Lair of Beasts)
  8641 | Lair:1   | Found a transporter.
  8646 | Lair:1   | Identified the +7 spear of Cocytus {pierce, Stlth+}
  8646 | Lair:1   | Noticed a spriggan rider
  8768 | Lair:1   | Noticed Maksi666's ghost (journeyman EnBe)
 10330 | Lair:3   | Found a hole to the Spider Nest.
 10471 | Lair:3   | Found a staircase to the Shoals.
 10748 | Lair:3   | Reached skill level 13 in Stealth
 11302 | Lair:4   | Noticed an eight-headed hydra
 11313 | Lair:4   | Killed an eight-headed hydra
 11357 | Lair:4   | Reached XP level 13. HP: 50/78 MP: 20/20
 12394 | Lair:5   | Found a viscous altar of Jiyva.
 12395 | Lair:5   | Found a staircase to the Slime Pits.
 13279 | Lair:5   | Learned a level 3 spell: Vampiric Draining
 13284 | Lair:5   | Learned a level 4 spell: Airstrike
 13288 | Lair:6   | Entered Level 6 of the Lair of Beasts
 13526 | Lair:6   | Reached skill level 1 in Air Magic
 13567 | Lair:6   | Reached skill level 5 in Charms
 13570 | Lair:6   | Reached skill level 1 in Necromancy
 13660 | Lair:6   | Reached skill level 5 in Spellcasting
 13827 | Lair:6   | Slain by a komodo dragon

Skill      XL: |  1  2  3  4  5  6  7  8  9 10 11 12 13 |
---------------+----------------------------------------+-----
Stealth        | 5 6 7 8 9 10 11 13 | 13.6
Fighting       | 1 2 3 4 6 7 8 |  8.9
Short Blades   | 1 2 3 5 7 8 9 10 | 10.8
Dodging        | 4 5 |  5.6
Invocations    | 1 3 5 6 7 |  7.9
Armour         | 2 4 5 6 7 |  7.5
Throwing       | 1 2 |  2.1
Spellcasting   | 2 4 5 |  5.1
Charms         | 1 3 5 |  5.0
Air Magic      | 2 |  2.2
Necromancy     | 1 |  1.9
Maces & Flails | |  0.8
Evocations     | |  0.3

Action                   |  1- 3 |  4- 6 |  7- 9 | 10-12 | 13-15 || total
-------------------------+-------+-------+-------+-------+-------++-------
Melee: Short sword       |    84 |    60 |       |       |       ||   144
       Whip              |     4 |       |       |       |       ||     4
       Bite              |     6 |    13 |   120 |   249 |   125 ||   513
       Quick blade       |       |    53 |   326 |   447 |   196 ||  1022
Throw: Tomahawk          |       |       |     9 |     9 |     3 ||    21
 Cast: Infusion          |       |       |       |       |     8 ||     8
Invok: Slouch            |       |       |       |       |     2 ||     2
Evoke: Wand              |       |       |       |     2 |       ||     2
  Use: Scroll            |       |     2 |     8 |     6 |     2 ||    18
 Stab: Sleeping          |     7 |    13 |     9 |    35 |     6 ||    70
       Distracted        |       |     1 |     2 |     3 |     1 ||     7
  Eat: Chunk             |     2 |     7 |     9 |    13 |     7 ||    38
Armor: Robe              |    31 |    22 |    19 |       |       ||    72
       Chain mail        |       |       |    53 |    69 |       ||   122
       Plate armour      |       |       |       |    53 |    81 ||   134
Dodge: Dodged            |    55 |    49 |    87 |   156 |   140 ||   487
